 Dungeon Crawl Stone Soup version 0.29.0-11-gd7f09526c8 (webtiles) character file.

Game seed: 9959723408311026623

126 xian the Sneak (level 5, -2/36 HPs)
             Began as an Octopode Brigand on Sept 6, 2022.
             Slain by a goblin
             ... wielding a +0 dagger
             ... led by Robin
              (5 damage)
             ... on level 3 of the Dungeon.
             The game lasted 00:03:35 (2122 turns).

xian the Sneak (Octopode Brigand)                   Turns: 2122, Time: 00:03:35

Health: -2/36      AC:  1    Str: 19    XL:     5   Next: 10%
Magic:  5/5        EV: 13    Int: 13    God:
Gold:   77         SH:  0    Dex: 13    Spells: 4/4 levels left

rFire   . . .      SeeInvis .   j - +2 dagger (drain)
rCold   . . .      Faith    .   (no shield)
rNeg    . . .      Spirit   .   (helmet restricted)
rPois   .          Reflect  .   (no amulet)
rElec   .          Harm     .   g - +6 ring of strength
rCorr   .          Rampage  .   (no ring)
Will    .....                   (no ring)
Stlth   ++++......              (no ring)
HPRegen 0.12/turn               (no ring)
MPRegen 0.09/turn               (no ring)
                                (no ring)
                                (no ring)

@: no status effects
A: almost no armour, amphibious, 8 rings, camouflage 1, gelatinous body 1,
(nimble swimmer 1), tentacles
a: no special abilities


You were on level 3 of the Dungeon.
You visited 1 branch of the dungeon, and saw 3 of its levels.

You collected 77 gold pieces.

Inventory:

Hand Weapons
 j - a +2 dagger of draining (weapon)
Missiles
 b - 14 poisoned darts (quivered)
 c - 3 curare-tipped darts
Jewellery
 g - a +6 ring of strength (left tentacle)
Wands
 l - a wand of roots (10)
 m - a wand of mindburst (7)
Scrolls
 f - a scroll of butterflies
 h - 2 scrolls of poison
 i - a scroll of blinking
Potions
 a - 3 potions of lignification {unknown}
 d - a potion of curing {unknown}
 e - a potion of experience {unknown}
 k - a potion of brilliance {unknown}


   Skills:
 + Level 2.8 Fighting
 + Level 2.5 Short Blades
 + Level 3.0 Throwing
 + Level 1.3 Dodging
 + Level 6.8 Stealth


You had 4 spell levels left.
You didn't know any spells.
Your spell library contained the following spells:

 Spells                   Type           Power      Damage    Failure   Level
 Sandblast                Erth           0%         2d4       30%         1
 Passwall                 Tmut/Erth      0%         N/A       43%         2
 Scorch                   Fire           0%         2d5       43%         2
 Stone Arrow              Conj/Erth      0%         3d7       67%         3
 Flame Wave               Conj/Fire      0%         2d4       97%         4
 Summon Cactus Giant      Summ           0%         N/A       100%        6


Dungeon Overview and Level Annotations

Branches:
Dungeon (3/15)

Altars:
The Shining One

Annotations:
D:3 Robin


Innate Abilities, Weirdness & Mutations

You cannot wear most types of armour.
You are amphibious.
You can wear up to eight rings at the same time.
Your skin changes colour to match your surroundings (Stealth+).
Your rubbery body absorbs attacks. (AC +1, EV +1)
((You are camouflaged when in or above water. (Stealth+)))
You have tentacles for arms and can constrict up to eight enemies at once.


Message History

You hit the goblin.
You kill the goblin!
The goblin hits you with a +0 dagger.
Items here: ))) ††.
You closely miss the goblin. You grab the goblin. You constrict the goblin.
The goblin closely misses you.
You hit the goblin.
You kill the goblin!
The goblin hits you with a +0 club. The goblin hits you but does no damage.
You see here a +0 dagger.
Items here: ))) ††.
The goblin attacks as you move away! The goblin hits you with a +0 club.
Robin roars a battlecry!
The goblins go into a battle-frenzy!
You barely miss the goblin. You grab the goblin. You constrict the goblin.
The goblin closely misses you.
You barely miss the goblin.
The goblin is severely wounded.
You constrict the goblin.
You kill the goblin!
You hit the goblin. Your grab misses the goblin.
The goblin is heavily wounded.
The goblin closely misses you.
The goblin shouts!
You hit the goblin.
You kill the goblin!
Robin zaps a wand.
The puff of flame hits you!
* * * LOW HITPOINT WARNING * * *
Robin misses you.
Things that are here:
a +0 dagger; a +0 club; a goblin corpse You barely miss Robin.
You grab Robin. You squeeze Robin.
Robin is lightly wounded.
You constrict Robin. Robin throws the goblin at you!
The goblin hits you with a +0 dagger.
* * * LOW HITPOINT WARNING * * *
You hit Robin. You drain Robin.
Robin is heavily wounded.
You constrict Robin. The goblin hits you with a +0 dagger.
You die...

. #.#.#
..#####.#.#
........#.#
......<†#g#
........#.#####
.......)..g...#
.######g#.##.##
#g#..g #@#.##g#
#g#.. g.
#.########
#........
#.####### #.#
#.# ### #†#
..### ### ###
#.#


You could see Robin (very drained) and 2 goblins.

Vanquished Creatures
  Ijyb (D:3)
  3 adders (D:2)
  A gnoll (D:1)
  2 dart slugs
  5 ball pythons
  4 endoplasms
  2 giant cockroaches (D:2)
  12 goblins
  9 hobgoblins
  2 kobolds
  2 quokkas
  3 bats
  2 frilled lizards (D:1)
  7 rats
55 creatures vanquished.

Notes
Turn   | Place    | Note
-------+----------+-------------------------------------------
     0 | D:1      | xian the Octopode Brigand began the quest for the Orb.
     0 | D:1      | Reached XP level 1. HP: 14/14 MP: 1/1
   120 | D:1      | Found a faded altar of an unknown god.
   128 | D:1      | Reached XP level 2. HP: 19/19 MP: 2/2
   319 | D:1      | Reached XP level 3. HP: 19/24 MP: 3/3
   451 | D:1      | Found a glowing golden altar of the Shining One.
   872 | D:2      | Reached skill level 6 in Stealth
   985 | D:2      | Reached XP level 4. HP: 17/29 MP: 4/4
  1962 | D:3      | Noticed Ijyb
  1969 | D:3      | Killed Ijyb
  2071 | D:3      | Noticed Robin
  2088 | D:3      | Reached XP level 5. HP: 36/36 MP: 5/5
  2122 | D:3      | Slain by a goblin

Illustrated notes

Levels and vault maps discovered:
D:1:      minmay_arrival_plants_in_alcoves, layout_rooms,
          ebering_ecumenical_altar_hall, chequers_mini_garden,
          minmay_hexomino_r4
D:2:      layout_loops_ring
D:3:      layout_basic, nicolae_ru_sacrificial_ziggurat, serial_corexii_hall,
          corexii_hall_statues_l, corexii_hall_statues_i, solitary_fountain,
          wad_floor_pattern_untrapped, uniq_ijyb, uniq_robin, uniq_natasha,
          uniq_jessica

Skill      XL: |  1  2  3 |
---------------+----------+-----
Throwing       | 3 |  3.0
Stealth        | 6 |  6.8
Fighting       | |  2.8
Short Blades   | |  2.5
Dodging        | |  1.3

Action                   |  1- 3 |  4- 6 || total
-------------------------+-------+-------++-------
Melee: Dagger            |    47 |    45 ||    92
       Constrict         |     8 |    13 ||    21
       Tentacles         |     4 |     9 ||    13
Throw: Dart              |     2 |       ||     2
  Use: Scroll            |       |     5 ||     5
 Stab: Sleeping          |     9 |     6 ||    15
Armor: Skin              |     4 |     7 ||    11
Dodge: Dodged            |    13 |    32 ||    45
